[Event "Team 45 45 League T37"]
[Site "Internet Chess Club"]
[Date "2008.06.01"]
[Round "6"]
[White "Frankly"]
[Black "Camalleo"]
[Result "0-1"]
[WhiteElo "1787"]
[BlackElo "1450"]
[Opening "QGD semi-Slav"]
[ECO "D43"]
[Time "05:01:47"]
[TimeControl "2700+45"]

1. d4 d5 2. c4 e6 3. Nc3 c6 4. Nf3 Nf6 5. Bg5 Be7 6. e3 Nbd7 7. Rc1 b6 8. cxd5
cxd5 9. Bd3 Bb7 10. O-O O-O 11. Bb1 Rc8 12. Qd3 Ne4 13. Bxe7 Qxe7 14. Ne5 Ndf6
15. f3 Nd6 16. Ng4 g6 17. Ne5 Nc4 18. Nxc4 dxc4 19. Qe2 a6 20. Na4 b5 21. Nc5
Rfd8 22. Nxb7 Qxb7 23. Qf2 b4 24. Qh4 Kg7 25. g4 c3 26. bxc3 bxc3 27. g5 Nd5 28.
Qe1 Qb4 29. h4 Rb8 30. Be4 Rdc8 31. Rb1 Qa3 32. Rxb8 Rxb8 33. Qg3 Qb2 34. Rb1
Qxb1+ 35. Bxb1 Rxb1+ 36. Kh2 c2 37. Qe5+ Kg8 38. h5 c1=Q {White resigns} 0-1

[Event "Team 45 45 League T37"]
[Site "Internet Chess Club"]
[Date "2008.06.01"]
[Round "6"]
[White "Enric666"]
[Black "rss"]
[Result "1-0"]
[WhiteElo "1260"]
[BlackElo "1712"]
[Opening "Sicilian: dragon variation"]
[ECO "B70"]
[Time "15:31:01"]
[TimeControl "2700+45"]

1. e4 c5 2. Nf3 d6 3. d4 cxd4 4. Nxd4 Nf6 5. Nc3 g6 6. Bd3 Bg7 7. O-O O-O 8. Bg5
Nc6 9. Nxc6 bxc6 10. Qd2 Re8 11. Bc4 e6 12. Rad1 d5 13. e5 Qe7 14. Bb3 c5 15.
exf6 Bxf6 16. h4 Bxg5 17. hxg5 Bb7 18. Rfe1 Qc7 19. Nb5 Qb6 20. Nc3 Rad8 21. Qf4
Rf8 22. Qe5 a6 23. Ne2 a5 24. Nf4 Bc8 25. Bxd5 exd5 26. Nxd5 Rxd5 27. Rxd5 Be6
28. Rxc5 Ra8 29. a4 Qb4 30. b3 Qb6 31. Rd1 Bf5 32. Rd6 Qb4 33. Rcd5 Rf8 34. Rd8
Be6 35. R5d6 {Black resigns} 1-0

[Event "Team 45 45 League T37"]
[Site "Internet Chess Club"]
[Date "2008.06.01"]
[Round "6"]
[White "Zebbile"]
[Black "tsia68"]
[Result "0-1"]
[WhiteElo "2021"]
[BlackElo "1971"]
[Opening "King's Indian: London system"]
[ECO "A48"]
[Time "09:15:59"]
[TimeControl "2700+45"]

1. Nf3 Nf6 2. d4 g6 3. Bf4 Bg7 4. e3 O-O 5. h3 d6 6. Bd3 c5 7. c3 Nbd7 8. e4
cxd4 9. cxd4 e5 10. dxe5 dxe5 11. Be3 Qe7 12. O-O Rd8 13. Qc2 b6 14. Nc3 Bb7 15.
Bg5 Rac8 16. Qe2 h6 17. Bxf6 Nxf6 18. Ba6 Bxa6 19. Qxa6 Qb4 20. Qe2 Qe7 21. Rac1
Rc7 22. Nb5 Rcd7 23. Nc3 Kh7 24. Rfd1 Kg8 25. Rd2 Rxd2 26. Nxd2 Rd7 27. Rd1 Qd8
28. Nf3 Rxd1+ 29. Nxd1 Nxe4 30. Qxe4 Qxd1+ 31. Kh2 Qd6 32. g3 Qc7 33. h4 Bf6 34.
h5 g5 35. Qf5 Kg7 36. Nd2 Qd6 37. Ne4 Qe6 38. Qxe6 fxe6 39. g4 Bd8 40. Kg2 Kf7
41. Kf3 Ke7 42. Nd2 b5 43. Ke4 Kf6 44. Nf3 Bb6 45. Nxe5 Bxf2 46. Nd3 Bb6 47. b3
Ke7 48. Ne5 Bg1 49. Nf3 Bf2 50. Kd3 Kd6 51. Nxg5 hxg5 52. Ke4 Kc5 53. Ke5 Bd4+
54. Kxe6 Kb4 55. Kf5 Ka3 56. Kxg5 Kxa2 57. h6 Kxb3 58. Kf5 Kc3 59. g5 b4 60. g6
b3 61. g7 b2 62. g8=Q b1=Q+ 63. Kf4 Qf1+ 64. Ke4 Qd3+ 65. Kf4 Qf1+ 66. Ke4 Qd3+
67. Kf4 Qe3+ 68. Kf5 Qf3+ 69. Ke6 Qf6+ 70. Kd5 Qe5+ 71. Kc6 Qc5+ 72. Kd7 Qf5+
73. Kc6 Qc5+ 74. Kd7 Qf5+ 75. Kc6 Qf6+ 76. Kd5 Qf3+ 77. Kd6 Qf4+ 78. Kd5 Qe5+
79. Kc6 Qc5+ 80. Kd7 Qb5+ 81. Kd6 Be5+ 82. Ke7 Qb7+ 83. Ke8 Qa8+ 84. Kf7 Qxg8+
85. Kxg8 a5 {White resigns} 0-1

[Event "Team 45 45 League T37"]
[Site "Internet Chess Club"]
[Date "2008.05.30"]
[Round "6"]
[White "primerpaso"]
[Black "Fezzik"]
[Result "1-0"]
[WhiteElo "1865"]
[BlackElo "1994"]
[Opening "English: Caro-Kann defensive system"]
[ECO "D13"]
[Time "21:01:39"]
[TimeControl "2700+45"]

1. c4 c6 2. Nc3 d5 3. cxd5 cxd5 4. d4 Nf6 5. Nf3 Nc6 6. g3 h6 7. Bg2 Bf5 8. Qb3
Rc8 9. Qxb7 e6 10. Ne5 Nxd4 11. Qxf7# {Black checkmated} 1-0

[Event "Team 45 45 League T37"]
[Site "Internet Chess Club"]
[Date "2008.06.01"]
[Round "6"]
[White "gtm"]
[Black "tryanything"]
[Result "1/2-1/2"]
[WhiteElo "1600"]
[BlackElo "1670"]
[Opening "Sicilian: Grand Prix attack"]
[ECO "B23"]
[Time "19:00:57"]
[TimeControl "2700+45"]

1. e4 c5 2. Nc3 Nc6 3. f4 e6 4. Nf3 d5 5. Bb5 Ne7 6. O-O a6 7. exd5 axb5 8. dxc6
bxc6 9. Ne5 g6 10. Qf3 Bb7 11. Ne4 Bg7 12. Nxf7 Kxf7 13. Ng5+ Kg8 14. Nxe6 Qd5
15. Qe2 Qd6 16. d3 Nf5 17. Ng5 h6 18. Ne4 Qe7 19. c3 c4 20. Qg4 cxd3 21. Re1 Qh4
22. Qxh4 Nxh4 23. Nc5 Rd8 24. Bd2 Ba8 25. Re7 Nf5 26. Rc7 Kh7 27. Ne6 Rc8 28.
Ra7 Rhe8 29. Re1 Re7 30. Rxe7 Nxe7 31. Nxg7 Kxg7 32. Rxe7+ Kf6 33. Ra7 c5 34.
Rh7 h5 35. h3 Re8 36. g4 hxg4 37. hxg4 Re2 38. g5+ Kf5 39. Rh2 Rxh2 40. Kxh2 c4
41. Kg3 Be4 42. Kf2 Bd5 43. Ke3 Bc6 44. Kd4 Be8 45. b3 Bf7 46. bxc4 bxc4 47. a4
Ke6 48. Kc5 Kd7 49. Kb6 Kc8 50. Ka7 Kc7 51. Be3 Bd5 52. Bd2 Bc6 53. a5 Bd5 54.
Ka6 Kc6 55. Ka7 Kc7 56. f5 gxf5 57. g6 Be6 58. Bf4+ Kc6 59. Kb8 Kb5 {Game drawn
by mutual agreement} 1/2-1/2

[Event "Team 45 45 League T37"]
[Site "Internet Chess Club"]
[Date "2008.05.31"]
[Round "6"]
[White "frankd"]
[Black "nathesh"]
[Result "1-0"]
[WhiteElo "1708"]
[BlackElo "1457"]
[Opening "Giuoco Piano"]
[ECO "C50"]
[Time "14:30:25"]
[TimeControl "2700+45"]

1. e4 e5 2. Nf3 Nc6 3. Bc4 Bc5 4. d4 exd4 5. c3 dxc3 6. Bxf7+ Kxf7 7. Qd5+ Ke8
8. Qh5+ Kf8 9. Qxc5+ Qe7 10. Qxe7+ Ngxe7 11. Nxc3 d6 12. Nb5 Nb4 13. Nxc7 Rb8
14. Nd4 Bd7 15. a3 Nd3+ 16. Ke2 Ne5 17. Be3 a6 18. Rac1 N7c6 19. Nce6+ Ke7 20.
Nf4 Rhf8 21. Nd5+ Kd8 22. Bg5+ Ke8 23. Nc7+ Kf7 24. Nxc6 Bxc6 25. Nd5 Rbe8 26.
f3 Kg6 27. Be3 Bb5+ 28. Kf2 Nd3+ 29. Kg3 Nxc1 30. Rxc1 Bc6 31. Nf4+ Kf6 32. Bd4+
Kg5 33. h4+ Kh6 34. Be3 g5 35. hxg5+ Kg7 36. Bd4+ Kf7 37. Nh5 Kg6 38. Rh1 Kxg5
39. f4+ Kg6 40. f5+ Kg5 41. Be3# {Black checkmated} 1-0

[Event "Team 45 45 League T37"]
[Site "Internet Chess Club"]
[Date "2008.06.01"]
[Round "6"]
[White "MPknight"]
[Black "chess9397"]
[Result "1-0"]
[WhiteElo "1787"]
[BlackElo "1740"]
[Opening "Queen's pawn game"]
[ECO "D04"]
[Time "21:00:16"]
[TimeControl "2700+45"]

1. d4 d5 2. Nf3 Nf6 3. e3 c6 4. Bd3 Nbd7 5. O-O e6 6. Nbd2 Bd6 7. Re1 O-O 8. e4
dxe4 9. Nxe4 Nxe4 10. Bxe4 Nf6 11. Bd3 c5 12. dxc5 Bxc5 13. Be3 Bxe3 14. Rxe3 b6
15. Re1 Bb7 16. Be2 Qc7 17. Bd3 Rfd8 18. Qe2 Rac8 19. Rad1 Ng4 20. Bxh7+ Kxh7
21. Ng5+ Kg8 22. Qxg4 Rxd1 23. Rxd1 Qxc2 24. Nxf7 Rf8 25. h3 Bd5 26. Ng5 Qxf2+
27. Kh1 Rf4 28. Rxd5 exd5 29. Qe6+ Kh8 30. Qe8+ Rf8 31. Qh5+ Kg8 32. Qh7# {Black
checkmated} 1-0

[Event "Team 45 45 League T37"]
[Site "Internet Chess Club"]
[Date "2008.06.01"]
[Round "6"]
[White "Fegary"]
[Black "A-Ru"]
[Result "1/2-1/2"]
[WhiteElo "2052"]
[BlackElo "1821"]
[Opening "French: advance, Paulsen attack"]
[ECO "C02"]
[Time "09:31:13"]
[TimeControl "2700+45"]

1. e4 e6 2. d4 d5 3. e5 c5 4. c3 Nc6 5. Nf3 Qb6 6. Be2 cxd4 7. cxd4 f6 8. O-O
fxe5 9. dxe5 g6 10. Nc3 a6 11. Na4 Qc7 12. Be3 Bg7 13. Rc1 Nge7 14. Bc5 O-O 15.
Bd6 Qd8 16. Qb3 b5 17. Nc5 Rf5 18. Nd3 Bd7 19. Qc3 Nc8 20. Bc5 N8e7 21. Bd6 Nc8
{Game drawn by mutual agreement} 1/2-1/2

[Event "Team 45 45 League T37"]
[Site "Internet Chess Club"]
[Date "2008.06.01"]
[Round "6"]
[White "upsan"]
[Black "DeepStudy"]
[Result "0-1"]
[WhiteElo "1936"]
[BlackElo "2034"]
[Opening "French: exchange variation"]
[ECO "C01"]
[Time "10:55:35"]
[TimeControl "2700+45"]

1. e4 e6 2. d4 d5 3. exd5 exd5 4. Bd3 Bd6 5. Nf3 Ne7 6. O-O O-O 7. Bg5 Bg4 8.
Nbd2 f6 9. Bh4 Bf5 10. Ne1 Bxd3 11. Nxd3 Nf5 12. Qg4 Qc8 13. c3 g5 14. Bg3 Nxg3
15. Qxc8 Ne2+ 16. Kh1 Rxc8 17. Rae1 Nf4 18. Nxf4 Bxf4 19. Nf3 Kf7 20. g3 Bd6 21.
h4 g4 22. Nd2 Nd7 23. f4 Re8 24. Kg2 f5 25. Kf2 Nf6 26. Kg2 Rxe1 27. Rxe1 Re8
28. Rxe8 Kxe8 29. Nf1 Kd7 30. Ne3 Ke6 31. a3 c5 32. dxc5 Bxc5 33. Nc2 Ne4 34. b4
Bf2 35. Nd4+ Kf6 36. Ne2 Bxg3 37. Nxg3 Nxg3 38. Kxg3 b5 39. Kf2 Kg6 {White
resigns} 0-1

[Event "Team 45 45 League T37"]
[Site "Internet Chess Club"]
[Date "2008.05.29"]
[Round "6"]
[White "qs16"]
[Black "Marichan"]
[Result "1-0"]
[WhiteElo "1719"]
[BlackElo "1698"]
[Opening "King's Indian: Petrosian system, main line"]
[ECO "E93"]
[Time "17:03:29"]
[TimeControl "2700+45"]

1. d4 Nf6 2. c4 g6 3. Nc3 Bg7 4. Nf3 d6 5. e4 O-O 6. Be2 e5 7. d5 Nbd7 8. Bg5 a6
9. O-O Qe8 10. Qc2 Nc5 11. b4 Ncd7 12. Rad1 a5 13. a3 b6 14. Nb5 Qd8 15. Nd2 Ba6
16. bxa5 Bxb5 17. cxb5 Rxa5 18. a4 Nc5 19. Ra1 Qa8 20. Bd1 Rc8 21. f3 Rxb5 22.
Be2 Ra5 23. Bb5 h6 24. Be3 Nh5 25. Nb3 Nxb3 26. Qxb3 Nf4 27. Rac1 Qb8 28. Rc2
Ra7 29. Rfc1 Rf8 30. g3 Nh3+ 31. Kg2 Ng5 32. h4 Nh7 33. Rc6 f5 34. Qc2 f4 35.
Bf2 fxg3 36. Bxg3 Rf7 37. Rc3 g5 38. Qd1 Qf8 39. Qh1 Rb7 40. Qh3 gxh4 41. Bxh4
Nf6 42. Rg1 Nh5 43. Kf2 Nf4 44. Qg4 Kh8 45. Bg3 Ra7 46. Bxf4 Rxf4 47. Qg2 Rxe4
48. Qxg7+ Qxg7 49. Rxg7 Re2+ 50. Kxe2 Kxg7 51. Kf2 Kf6 52. Kg3 Kg5 53. Rc4 Kg6
54. Rg4+ Kf6 55. Rg8 Kf7 56. Rd8 Kg6 57. Kh4 Rb7 58. Rd7 Ra7 59. Kg4 Rb7 60.
Bd3+ Kf6 61. Kh5 Ra7 62. Bb5 Ra8 63. Rxc7 Rg8 64. Rh7 Rg5+ 65. Kh4 Rg6 66. Bd3
Rg1 67. Rxh6+ Kg7 68. Rxd6 Rh1+ 69. Kg3 Rg1+ 70. Kf2 Ra1 71. Bb5 {Black resigns}
1-0

[Event "Team 45 45 League T37"]
[Site "Internet Chess Club"]
[Date "2008.06.01"]
[Round "6"]
[White "Kingofknights"]
[Black "oldsj"]
[Result "1-0"]
[WhiteElo "1789"]
[BlackElo "1502"]
[Opening "King's Indian: Sämisch, orthodox, 7.d5"]
[ECO "E87"]
[Time "13:00:14"]
[TimeControl "2700+45"]

1. d4 Nf6 2. c4 g6 3. Nc3 Bg7 4. e4 d6 5. f3 O-O 6. Be3 e5 7. d5 Nh5 8. Bd3 f5
9. exf5 gxf5 10. Nge2 Qe8 11. Qd2 Nd7 12. Nb5 Qd8 13. Nxa7 Rxa7 14. Bxa7 b6 15.
a4 Nc5 16. Bc2 Qh4+ 17. g3 Qxc4 18. Nc3 Bd7 19. Qe2 Qb4 20. O-O e4 21. fxe4 Bxc3
22. bxc3 Qxc3 23. exf5 Nf6 24. a5 Qb4 25. axb6 cxb6 26. Rab1 Qd4+ 27. Qf2 Qxf2+
28. Rxf2 Nxd5 29. Bxb6 Ne3 30. Bxc5 dxc5 31. Rb7 Bxf5 32. Bxf5 Nxf5 33. Rb5 Nd6
34. Rxf8+ {Black resigns} 1-0

[Event "Team 45 45 League T37 u"]
[Site "Internet Chess Club"]
[Date "2008.06.07"]
[Round "6"]
[White "lele"]
[Black "Silenita"]
[Result "0-1"]
[WhiteElo "1944"]
[BlackElo "1866"]
[Opening "Queen's Indian defense"]
[ECO "E12"]
[Time "15:40:50"]
[TimeControl "2700+45"]

1. d4 Nf6 2. Nf3 b6 3. c4 Bb7 4. Nc3 e6 5. Bg5 Be7 6. e3 Ne4 7. Nxe4 Bxe4 8.
Bxe7 Qxe7 9. Nd2 Bb7 10. Be2 O-O 11. O-O f5 12. Bf3 Bxf3 13. Nxf3 d6 14. d5 e5
15. Re1 Nd7 16. b4 h6 17. Rc1 Qf7 18. h3 a5 19. a3 axb4 20. axb4 g5 21. Rf1 Nf6
22. Ra1 Rxa1 23. Qxa1 Ne4 24. Qb2 Qf6 25. Ra1 g4 26. Nd2 Nxd2 27. Qxd2 gxh3 28.
gxh3 Kh8 29. Kh2 f4 30. exf4 Qxf4+ 31. Qxf4 Rxf4 32. Rc1 Rxf2+ 33. Kg3 Rf4 34.
c5 bxc5 35. bxc5 Rd4 36. cxd6 cxd6 37. Rc8+ Kg7 38. h4 h5 39. Rc7+ Kg6 40. Rc8
Rxd5 41. Rg8+ Kf6 42. Rg5 Rd3+ 43. Kf2 d5 44. Rxh5 e4 45. Ke2 d4 46. Rd5 Kg6 47.
Rg5+ Kf6 48. Rd5 Ke6 49. Rg5 Rh3 50. h5 Rh2+ 51. Kd1 d3 52. Ke1 e3 {White
resigns} 0-1

As both players were not online until the end of the grace period, I am sorry, this has to be a double forfeit + a RR reduction for both is recommended. :-(

[Event "Team 45 45 League T37"]
[Site "Internet Chess Club"]
[Date "2008.06.02"]
[Round "6"]
[White "rojito"]
[Black "BraafPaard"]
[Result "1-0"]
[WhiteElo "1714"]
[BlackElo "1528"]
[Opening "Catalan: closed, 5.Nf3"]
[ECO "E06"]
[Time "19:00:14"]
[TimeControl "2700+45"]

1. Nf3 Nf6 2. d4 e6 3. c4 d5 4. g3 Be7 5. Bg2 c6 6. O-O O-O 7. Nbd2 Re8 8. b3
Nbd7 9. Bb2 b5 10. c5 a5 11. a4 b4 12. Qc2 Ba6 13. Rfe1 Bb7 14. e4 dxe4 15. Ne5
Nd5 16. Nxe4 N7f6 17. Ng5 Qc7 18. Nexf7 {Black resigns} 1-0

[Event "Team 45 45 League T37"]
[Site "Internet Chess Club"]
[Date "2008.05.30"]
[Round "6"]
[White "XelNaga"]
[Black "Gil-galad"]
[Result "1-0"]
[WhiteElo "2314"]
[BlackElo "2082"]
[Opening "King's Indian: Kramer system"]
[ECO "E70"]
[Time "14:40:51"]
[TimeControl "2700+45"]

1. d4 Nf6 2. c4 g6 3. Nc3 Bg7 4. e4 d6 5. Nge2 O-O 6. Ng3 e5 7. d5 a5 8. h4 Na6
9. h5 c6 10. h6 Bh8 11. Bg5 Nc5 12. Be2 Qb6 13. Rb1 cxd5 14. cxd5 Bd7 15. O-O
Rac8 16. Qd2 Qb4 17. Be3 Ng4 18. a3 Qb3 19. Bxg4 Bxg4 20. Bxc5 Rxc5 21. Qg5 Bc8
22. Qe7 Qb6 23. Na4 Qc7 24. Qxc7 Rxc7 25. Rbc1 Rxc1 26. Rxc1 Bf6 27. Nb6 Bg4 28.
f3 Bg5 29. Rc3 Bh5 30. Nc4 Rd8 31. Nxh5 gxh5 32. Nxa5 Bd2 33. Nxb7 Bxc3 34. Nxd8
Bxb2 35. a4 Kf8 36. a5 Ke8 37. Nc6 Kd7 38. a6 Kc7 39. a7 Kb7 40. Nd8+ Kxa7 41.
Nxf7 Ba3 42. g4 hxg4 43. fxg4 {Black resigns} 1-0

[Event "Team 45 45 League T37"]
[Site "Internet Chess Club"]
[Date "2008.06.01"]
[Round "6"]
[White "The7thGuest"]
[Black "cappelo-upgrate"]
[Result "0-1"]
[WhiteElo "2016"]
[BlackElo "2187"]
[Opening "Caro-Kann: Panov-Botvinnik attack"]
[ECO "B13"]
[Time "08:58:15"]
[TimeControl "2700+45"]

1. e4 c6 2. d4 d5 3. exd5 cxd5 4. c4 Nf6 5. Nc3 Nc6 6. cxd5 Nxd5 7. Nf3 Bg4 8.
Be2 e6 9. O-O Be7 10. Ne5 Bxe2 11. Nxe2 O-O 12. Nxc6 bxc6 13. Qc2 Rc8 14. a3 c5
15. dxc5 Bxc5 16. Qe4 a5 17. Ng3 Qb6 18. Qg4 Bd4 19. Nh5 f5 20. Qe2 e5 21. Ng3
Qg6 22. Qh5 Qxh5 23. Nxh5 f4 24. g3 g6 25. Nxf4 exf4 26. Rd1 Rc4 27. b3 Bxa1 28.
bxc4 Nc3 29. Re1 fxg3 30. hxg3 Rc8 31. Bh6 Bb2 32. Re7 Bxa3 33. Rg7+ Kh8 34. Ra7
Bb4 35. c5 Bxc5 36. Rxa5 Ne4 {White resigns} 0-1

[Event "Team 45 45 League T37"]
[Site "Internet Chess Club"]
[Date "2008.05.30"]
[Round "6"]
[White "JoshuaFranzj"]
[Black "fileman"]
[Result "1/2-1/2"]
[WhiteElo "1896"]
[BlackElo "1928"]
[Opening "Bird's opening"]
[ECO "A02"]
[Time "16:34:07"]
[TimeControl "2700+45"]

1. f4 Nc6 2. Nf3 Nf6 3. e3 d6 4. Bb5 a6 5. Bxc6+ bxc6 6. O-O e6 7. d3 Be7 8. b3
O-O 9. Bb2 a5 10. Qe2 a4 11. bxa4 Rxa4 12. Nc3 Ra8 13. a3 Ba6 14. Rab1 Nd5 15.
Ne4 f6 16. c4 Nb6 17. Nd4 Qd7 18. Qg4 Kf7 19. Qh5+ Kg8 20. Qg4 Kf7 21. Qh5+ Kg8
22. Qg4 {Game drawn by repetition} 1/2-1/2

[Event "Team 45 45 League T37"]
[Site "Internet Chess Club"]
[Date "2008.06.04"]
[Round "6"]
[White "BillyNoMates"]
[Black "frothyjowels"]
[Result "1-0"]
[WhiteElo "1822"]
[BlackElo "2200"]
[Opening "KP: Nimzovich defense"]
[ECO "B00"]
[Time "13:01:53"]
[TimeControl "2700+45"]

1. e4 Nc6 2. d4 d5 3. e5 Bf5 4. c3 e6 5. Nf3 Nge7 6. Bd3 Bxd3 7. Qxd3 Ng6 8. O-O
Be7 9. Rd1 O-O 10. Qe2 Qd7 11. c4 dxc4 12. Nc3 Rad8 13. Be3 f6 14. Qxc4 a6 15.
exf6 b5 16. Qe2 Bxf6 17. Rac1 Nce7 18. Ne4 Kh8 19. Nc5 Qc8 20. Ng5 Bxg5 21. Bxg5
Rd6 22. Ne4 Rb6 23. h4 Nd5 24. g3 Rf5 25. h5 Nf8 26. h6 Ng6 27. hxg7+ Kg8 28.
Rc5 c6 29. Nd6 Qd7 30. Nxf5 exf5 31. Re1 Kxg7 32. Qe6 {Black resigns} 1-0

[Event "Team 45 45 League T37"]
[Site "Internet Chess Club"]
[Date "2008.05.30"]
[Round "6"]
[White "alegro"]
[Black "Chessduke"]
[Result "0-1"]
[WhiteElo "1987"]
[BlackElo "2140"]
[Opening "Scandinavian (center counter) defense"]
[ECO "B01"]
[Time "10:01:33"]
[TimeControl "2700+45"]

1. e4 d5 2. exd5 Qxd5 3. Nc3 Qa5 4. d4 c6 5. Nf3 Nf6 6. Ne5 Bf5 7. Bd2 Qc7 8.
Bc4 e6 9. Qe2 Nbd7 10. O-O-O Bd6 11. Rhe1 b5 12. Bxb5 cxb5 13. g4 Nxg4 14. Nxg4
b4 15. Ne4 Rc8 16. Nxd6+ Qxd6 17. Ne3 Bg6 18. Qb5 Rb8 19. Qc4 O-O 20. Kb1 Rfc8
21. Qb3 Bh5 22. Rc1 Qxd4 23. Nf1 Nc5 24. Qe3 Qc4 25. Qf4 Qxf4 26. Bxf4 Rb6 27.
Ng3 Bg6 28. Be3 Rbc6 29. Bxc5 Rxc5 30. Re2 a5 31. Ne4 Rh5 32. Nd6 Rc6 33. Nb7 a4
34. Rd2 h6 35. f3 b3 {White resigns} 0-1

[Event "Team 45 45 League T37"]
[Site "Internet Chess Club"]
[Date "2008.05.30"]
[Round "6"]
[White "Campagnolo"]
[Black "RedAttack"]
[Result "1/2-1/2"]
[WhiteElo "2042"]
[BlackElo "2023"]
[Opening "Caro-Kann: Panov-Botvinnik attack, 5...e6"]
[ECO "B14"]
[Time "20:59:43"]
[TimeControl "2700+45"]

1. e4 c6 2. d4 d5 3. exd5 cxd5 4. c4 Nf6 5. Nc3 e6 6. Nf3 Bb4 7. Bd3 Nc6 8. O-O
O-O 9. a3 Be7 10. cxd5 exd5 11. Bg5 h6 12. Bh4 Bg4 13. Bb1 g5 14. Bg3 Bxf3 15.
Qxf3 Nxd4 16. Qd3 Nb3 17. Be5 Re8 18. Ra2 Nc5 19. Qf5 Nce4 20. Bd4 Nd2 21. Rd1
Nxb1 22. Rxb1 Qd6 23. Bxf6 Bxf6 24. Qxd5 Qf4 25. g3 Qc7 26. Ne4 Be5 27. b4 Rad8
28. Qc5 Qe7 29. Qxe7 Rxe7 30. Rc2 Rde8 31. Rd1 f5 32. Nc5 b6 33. Nb3 f4 34. Kg2
fxg3 35. hxg3 Rf7 36. Rd3 Ref8 37. Re2 g4 38. Nd4 Bxd4 39. Rxd4 h5 40. b5 Rf5
41. a4 R8f7 {Game drawn by mutual agreement} 1/2-1/2

[Event "Team 45 45 League T37"]
[Site "Internet Chess Club"]
[Date "2008.05.30"]
[Round "6"]
[White "cesaralexander"]
[Black "EtchenBABABA"]
[Result "0-1"]
[WhiteElo "1959"]
[BlackElo "2001"]
[Opening "King's Indian: Four pawns attack, dynamic line"]
[ECO "E76"]
[Time "21:54:42"]
[TimeControl "2700+45"]

1. d4 Nf6 2. c4 g6 3. Nc3 Bg7 4. e4 d6 5. f4 O-O 6. Nf3 c5 7. d5 e6 8. dxe6 fxe6
9. Bd3 Nc6 10. O-O Nd4 11. Be3 Ng4 12. Qd2 Nxf3+ 13. Rxf3 Nxe3 14. Rxe3 Bd4 15.
Ne2 Bxe3+ 16. Qxe3 Qf6 17. Rb1 b6 18. e5 dxe5 19. fxe5 Qe7 20. Ng3 Bb7 21. Be4
Rad8 22. Bxb7 Qxb7 23. Ne4 Rd4 24. Nf6+ Kh8 25. b3 Rfd8 26. Rb2 Rd1+ 27. Kf2 Qf7
28. Ke2 Kg7 29. Qh3 h6 30. Qg3 R8d4 31. Nh5+ Kg8 32. Nf6+ Kh8 33. Qh3 Kg7 34.
Qf3 a6 35. Qa8 g5 36. Ne8+ Kg6 37. Nf6 Qc7 38. Qg8+ Kf5 39. g4+ Kxe5 40. Qh8 Kf4
41. Ne8 Qe5+ 42. Qxe5+ Kxe5 43. Nc7 Rg1 44. Kf2 Rdxg4 45. Re2+ Kd6 46. Nxe6
R1g2+ 47. Kf3 Rxe2 48. Kxe2 Re4+ {White resigns} 0-1

[Event "Team 45 45 League T37"]
[Site "Internet Chess Club"]
[Date "2008.05.31"]
[Round "6"]
[White "PimpingMaster"]
[Black "ARMAND01968"]
[Result "0-1"]
[WhiteElo "1762"]
[BlackElo "1813"]
[Opening "Scotch gambit"]
[ECO "C44"]
[Time "10:07:17"]
[TimeControl "2700+45"]

1. e4 e5 2. Nf3 Nc6 3. d4 exd4 4. Bc4 d6 5. Nxd4 Ne5 6. Be2 Nf6 7. Nc3 Be7 8. f4
Ng6 9. O-O O-O 10. Bf3 c6 11. Be3 Nh4 12. Be2 Ng6 13. Bf3 Nh4 14. Be2 Ng6 15. g3
Bh3 16. Re1 Qc8 17. f5 Ne5 18. Bf4 Bg4 19. Bxg4 Nfxg4 20. h3 Nf6 21. g4 c5 22.
Bxe5 dxe5 23. Nf3 Rd8 24. Qe2 Bd6 25. Rad1 a6 26. a4 Qc6 27. Nd2 Bc7 28. g5 Ne8
29. Nd5 Bd6 30. Nc4 Kh8 31. a5 f6 32. h4 Bc7 33. Qh5 Rd7 34. gxf6 Nxf6 35. Nxf6
gxf6 36. Qh6 Rg8+ 37. Kh2 Rdg7 38. Re2 Qe8 39. Qxf6 Qh5 40. Rdd2 Bd8 41. Qxe5
Qxh4# {White checkmated} 0-1

[Event "Team 45 45 League T37"]
[Site "Internet Chess Club"]
[Date "2008.06.01"]
[Round "6"]
[White "kabindra"]
[Black "Nosferatu1"]
[Result "1-0"]
[WhiteElo "1808"]
[BlackElo "1821"]
[Opening "Sicilian defense"]
[ECO "B32"]
[Time "21:31:47"]
[TimeControl "2700+45"]

1. e4 c5 2. Nf3 Nc6 3. d4 cxd4 4. c3 d3 5. c4 d6 6. h3 g6 7. Bxd3 Bg7 8. Nc3 Nf6
9. O-O O-O 10. a3 a6 11. Qe2 Nd7 12. Bg5 Nde5 13. Nxe5 Nxe5 14. Bc2 Nc6 15. Qe3
Nd4 16. Bd1 Ne6 17. Bh4 Nc7 18. Bb3 Re8 19. Rad1 Ne6 20. f4 Nc5 21. Bc2 Qb6 22.
Nd5 Qxb2 23. Nc7 Qxc2 24. Nxe8 f6 25. Nc7 Rb8 26. Nd5 Kf7 27. e5 dxe5 28. fxe5
Qxc4 29. exf6 Qxh4 30. Qxe7+ {Black resigns} 1-0

[Event "Team 45 45 League T37"]
[Site "Internet Chess Club"]
[Date "2008.05.31"]
[Round "6"]
[White "AVEMARIA"]
[Black "chess92192"]
[Result "1/2-1/2"]
[WhiteElo "1749"]
[BlackElo "1771"]
[Opening "Scotch game"]
[ECO "C45"]
[Time "16:59:51"]
[TimeControl "2700+45"]

1. e4 e5 2. Nf3 Nc6 3. d4 exd4 4. Nxd4 Bc5 5. Nxc6 Qf6 6. Qd2 dxc6 7. Nc3 Ne7 8.
Qf4 Qxf4 9. Bxf4 Bd6 10. Bxd6 cxd6 11. O-O-O Kd7 12. g3 Kc7 13. Bg2 Be6 14. Kb1
Rhd8 15. h3 b5 16. f4 f6 17. Rhe1 Bf7 18. Ne2 a5 19. Nd4 Ng6 20. Nf5 a4 21. Nxg7
Ne7 22. Nf5 Nxf5 23. exf5 Re8 24. g4 h6 25. Bf3 Kd7 26. h4 a3 27. b3 b4 28. g5
fxg5 29. fxg5 hxg5 30. hxg5 Ra5 31. Bg4 Rae5 32. f6+ Kc7 33. Rxe5 Rxe5 34. Bh3
Rxg5 35. Re1 Re5 36. Rf1 Kd8 37. Kc1 Ke8 38. Bf5 Bh5 39. Bd3 Be2 40. f7+ Kf8 41.
Bxe2 Rxe2 42. Rf6 Re1+ 43. Kd2 Ra1 44. Rxd6 Rxa2 45. Rxc6 Rb2 46. Kc1 Ra2 47.
Kb1 Rb2+ 48. Ka1 Kxf7 49. Rc4 Ke6 50. Rxb4 Rxc2 51. Ra4 Kd5 52. Rxa3 Kc5 53. Kb1
Rd2 54. Ra4 Kb5 55. Rf4 Re2 56. Rc4 Rd2 57. Rc2 Rxc2 58. Kxc2 Kb4 59. Kb2 Kb5
60. Kc3 Kc5 61. b4+ Kb5 62. Kb3 Kb6 63. Kc4 Kc6 64. b5+ Kb6 65. Kb4 Kb7 66. Kc5
Kc7 67. b6+ Kb7 68. Kb5 Kb8 69. Kc6 Kc8 70. Kc5 Kb7 71. Kb5 Kb8 72. Ka6 Ka8
{Game drawn by mutual agreement} 1/2-1/2

[Event "Team 45 45 League T37"]
[Site "Internet Chess Club"]
[Date "2008.05.31"]
[Round "6"]
[White "GamePlayer"]
[Black "Rlopez"]
[Result "1-0"]
[WhiteElo "1472"]
[BlackElo "1726"]
[Opening "Scotch: Schmidt variation"]
[ECO "C45"]
[Time "13:00:50"]
[TimeControl "2700+45"]

1. e4 e5 2. Nf3 Nc6 3. d4 exd4 4. Nxd4 Nf6 5. Nc3 Bc5 6. Be3 Bb6 7. Bd3 O-O 8.
Nxc6 bxc6 9. e5 Nd5 10. Nxd5 cxd5 11. Bxb6 axb6 12. O-O Qe7 13. Re1 Bb7 14. c3
Rfe8 15. a3 Qg5 16. Qc1 Qh5 17. Re3 h6 18. f4 Qg4 19. Rg3 Qe6 20. Qd1 d6 21.
exd6 Qxd6 22. Qg4 g6 23. h4 Bc8 24. Qf3 c5 25. h5 c4 26. Bc2 Re6 27. hxg6 fxg6
28. Bxg6 Rxg6 29. Rxg6+ Qxg6 30. Qxd5+ Qe6 31. Qxa8 Qe3+ 32. Kh1 Qe6 33. Qf3 Qf6
34. Qg3+ Kh7 35. Re1 Be6 36. Qe3 Bf5 37. Qe7+ Kg6 38. Qxf6+ Kxf6 39. g3 Bd3 40.
Re5 {Black resigns} 1-0